 Dungeon Crawl Stone Soup version 0.28.0-43-g3370ac3207 (webtiles) character file.

Game seed: 10080181152768172109

71 sking99 the Skirmisher (level 4, 0/31 HPs)
             Began as a Demonspawn Fighter on Mar 24, 2022.
             Was a Follower of Hepliaklqana.
             Succumbed to Crazy Yiuf's poison
             ... on level 2 of the Dungeon.
             The game lasted 00:02:12 (2561 turns).

sking99 the Skirmisher (Demonspawn Fighter)         Turns: 2561, Time: 00:02:12

Health: 0/31       AC:  7    Str: 19    XL:     4   Next: 5%
Magic:  4/4        EV:  9    Int:  9    God:    Hepliaklqana [*.....]
Gold:   72         SH:  4    Dex: 12    Spells: 3/3 levels left

rFire   . . .      SeeInvis .   a - +0 flail
rCold   . . .      Faith    .   c - +0 buckler
rNeg    . . .      Spirit   .   b - +0 scale mail
rPois   +          Reflect  .   (helmet restricted)
rElec   .          Harm     .   (no cloak)
rCorr   .          Rampage  .   (no gloves)
Will    .....                   g - +0 pair of boots
Stlth   ..........              (no amulet)
HPRegen 0.10/turn               i - ring of poison resistance
MPRegen 0.09/turn               (no ring)

@: lethally poisoned (0 -> -12)
A: reduced essence, antennae 1, sturdy frame 1
a: Renounce Religion, Recall Ancestor, Ancestor Identity


You were on level 2 of the Dungeon.
You worshipped Hepliaklqana.
Hepliaklqana was aware of your devotion.
You visited 1 branch of the dungeon, and saw 2 of its levels.

You collected 72 gold pieces.

Inventory:

Hand Weapons
 a - a +0 flail (weapon)
Armour
 b - a +0 scale mail (worn)
 c - a +0 buckler (worn)
 g - a +0 pair of boots (worn)
Jewellery
 i - a ring of poison resistance (left hand)
Scrolls
 h - a scroll of fog {unknown}
 j - 2 scrolls of immolation {unknown}
 k - 3 scrolls of identify {unknown}
 l - a scroll of blinking {unknown}
Potions
 d - 3 potions of might
 e - a potion of attraction {unknown}
 f - a potion of mutation {unknown}
 m - a potion of resistance {unknown}


   Skills:
 + Level 3.4 Fighting
 * Level 2.8 Maces & Flails
 + Level 3.1 Armour
 + Level 3.1 Shields


You had 3 spell levels left.
You didn't know any spells.
Your spell library was empty.

Dungeon Overview and Level Annotations

Branches:
Dungeon (2/15)

Altars:
Hepliaklqana

Shops:
D:2 [

Annotations:
D:2 Crazy Yiuf


Innate Abilities, Weirdness & Mutations

Your life essence is reduced to manifest your ancestor. (-10% HP)
You have a pair of small antennae on your head.
Your movements are slightly less encumbered by armour. (ER -2)


Message History

You see here a dart slug corpse.
You swap places.
Found a spear.
You swap places.
There is a stone staircase leading down here.
You see here a +2 trident of flaming.
You see here a +0 scale mail.
Key pressed, stopping explore.
Crazy Yiuf shouts!
Crazy Yiuf grits, "Scoff tea unthinkable!"
Could not explore, unopened runed door.
Could not explore, unopened runed door.
You open the door.
You swap places.
Crazy Yiuf hits Simosihle with a +3 quarterstaff of chaos.
Crazy Yiuf freezes Simosihle.
Simosihle hits Crazy Yiuf.
Crazy Yiuf hits Simosihle with a +3 quarterstaff of chaos!
Simosihle is destroyed!
You see here 6 atropa-tipped darts.
Crazy Yiuf cries, "Pitchfork sanguine forty-two!"
You hit Crazy Yiuf.
Crazy Yiuf is moderately wounded.
Crazy Yiuf barely misses you.
You hit Crazy Yiuf but do no damage.
Crazy Yiuf is moderately wounded.
You block Crazy Yiuf's attack. Crazy Yiuf closely misses you.
You barely miss Crazy Yiuf.
Crazy Yiuf is moderately wounded.
Crazy Yiuf hits you with a +3 quarterstaff of chaos.
You are electrocuted!!
Ouch! That really hurt!
You closely miss Crazy Yiuf.
Crazy Yiuf is moderately wounded.
Crazy Yiuf hits you with a +3 quarterstaff of chaos!
* * * LOW HITPOINT WARNING * * *
You are lethally poisoned!
You hit Crazy Yiuf.
Crazy Yiuf is heavily wounded.
You die...

#..#.#..###########
##.....)..........#
♣♣##..##############.###
♣♣..#..# #.....R...#
♣♣♣......# #.#####.#.#
.♣...g.g.# #.# #...#
♣.♣...##.# #.#########
♣♣♣♣♣###.########......#
#.......g@....#.#
####################.#.#
...)..# #...#.# ......#
#.###†# ......# #.....#
......# ####### ......#
.###### ########## .#
#........#


You could see Crazy Yiuf.

Vanquished Creatures
  2 adders (D:2)
  2 dart slugs
  3 endoplasms (D:1)
  2 giant cockroaches (D:1)
  6 goblins
  8 hobgoblins
  A quokka (D:1)
  3 bats
  A frilled lizard (D:2)
  2 kobolds
  6 rats
36 creatures vanquished.

Vanquished Creatures (collateral kills)
  An adder (D:2)
  An endoplasm (D:2)
  A rat (D:2)
3 creatures vanquished.

Vanquished Creatures (others)
  An ancestor (D:2)
1 creature vanquished.

Grand Total: 40 creatures vanquished

Notes
Turn   | Place    | Note
-------+----------+-------------------------------------------
     0 | D:1      | sking99 the Demonspawn Fighter began the quest for the Orb.
     0 | D:1      | Reached XP level 1. HP: 18/18 MP: 1/1
   176 | D:1      | Gained mutation: Your movements are slightly less
                  | encumbered by armour. (ER -2) [demonic ancestry]
   176 | D:1      | Reached XP level 2. HP: 24/24 MP: 2/2
  1414 | D:2      | Gained mutation: You have a pair of small antennae on your
                  | head. [demonic ancestry]
  1414 | D:2      | Reached XP level 3. HP: 29/29 MP: 3/3
  1436 | D:2      | Found a faded altar of an unknown god.
  1474 | D:2      | Prayed at the altar of an unknown god.
  1474 | D:2      | Became a worshipper of Hepliaklqana the Forgotten
  1474 | D:2      | Reached * piety under Hepliaklqana
  1874 | D:2      | Found a runed translucent door.
  1875 | D:2      | Noticed Crazy Yiuf
  2154 | D:2      | Found Wiub's Antique Armour Boutique.
  2335 | D:2      | Reached XP level 4. HP: 30/31 MP: 4/4
  2561 | D:2      | Succumbed to Crazy Yiuf's poison

Illustrated notes

Levels and vault maps discovered:
D:1:      sevenhm_arrival_forest_fort_small_6, layout_basic,
          minmay_misc_feat_alley
D:2:      layout_basic, ebering_ecumenical_altar_sacrificial, serial_shops,
          nicolae_shop_trees, minmay_domino_4, uniq_crazy_yiuf_cottage

Skill      XL: |  1  2 |
---------------+-------+-----
Maces & Flails | 2 |  2.8
Armour         | 3 |  3.1
Shields        | 3 |  3.1
Fighting       | |  3.4

Action                   |  1- 3 |  4- 6 || total
-------------------------+-------+-------++-------
Melee: Flail             |   104 |     9 ||   113
Invok: Ancestor Identity |     1 |       ||     1
Armor: Scale mail        |    45 |     2 ||    47
Dodge: Dodged            |    45 |     4 ||    49
Block: Buckler           |    22 |     2 ||    24
